 Dungeon Crawl Stone Soup version 0.26-a0-1145-gf5f8a83f67 (webtiles) character file.

Game seed: 12038231763435101895

(classic levelgen) 801187 EnegeticOcto the Hoplite (level 27, -1/188 HPs)
             Began as a Gargoyle Fighter on Dec 22, 2020.
             Was the Champion of the Shining One.
             Killed from afar by a Brimstone Fiend (48 damage)
             ... with damnation
             ... summoned by Dispater
             ... on level 7 of the Iron City of Dis.
             The game lasted 01:10:33 (60990 turns).

EnegeticOcto the Hoplite (Gargoyle Fighter)        Turns: 60990, Time: 01:10:34

Health: -1/188     AC: 69    Str: 29    XL:     27
Magic:  6/43       EV: 11    Int: 15    God:    the Shining One [******]
Gold:   4506       SH: 25    Dex:  9    Spells: 49/49 levels left

rFire    + . .     SeeInvis +   a - +9 broad axe (holy)
rCold    + + .     Faith    .   W - +0 tower shield of the Shoals {+Blink}
rNeg     + + +     Spirit   .   F - +2 gold dragon scales
rPois    ∞         Reflect  .   Y - +2 helmet
rElec    +         Harm     .   D - +2 cloak {rCorr}
rCorr    +         Rampage  .   r - +2 pair of gloves of Hubris {rC+}
Will     ++...                  T - +2 pair of boots
Stlth    ..........             u - amulet of regeneration
HPRegen  0.81/turn              J - ring of magical power
MPRegen  0.28/turn              P - ring of Robustness {AC+8, =R}

@: flying, glowing, studying Axes
A: big wings, see invisible, clever 1, low mp 1, negative energy resistance 1,
electricity resistance, unbreathing, petrification resistance, no potion heal 1,
miasma immunity, AC +20
}: 8/15 runes: serpentine, barnacled, slimy, silver, golden, obsidian, icy, bone
a: Stop Flying, Renounce Religion, Evoke Blink, Divine Shield, Cleansing Flame,
Summon Divine Warrior


You were on level 7 of the Iron City of Dis.
You worshipped the Shining One.
The Shining One was exalted by your worship.
You visited 15 branches of the dungeon, and saw 79 of its levels.

You collected 7748 gold pieces.
You spent 3242 gold pieces at shops.

Inventory:

Hand Weapons
 a - a +9 broad axe of holy wrath (weapon)
 k - a +4 broad axe of flaming
 H - a +0 short sword of distortion
Missiles
 I - 13 curare-tipped darts
 L - 9 throwing nets (quivered)
Armour
 r - the +2 pair of gloves of Hubris (worn) {rC+}
   (You found it on level 14 of the Dungeon)

   It protects you from cold.
 D - a +2 cloak of preservation (worn)
 F - +2 gold dragon scales (worn)
 T - a +2 pair of boots (worn)
 W - the +0 tower shield of the Shoals (worn) {+Blink}
   (You found it on level 4 of the Shoals)

   It lets you blink.
 Y - a +2 helmet (worn)
Jewellery
 b - an uncursed ring of protection from fire
 u - an amulet of regeneration (around neck)
 x - an uncursed ring of see invisible
 J - a ring of magical power (left hand)
 O - an uncursed ring of willpower
 P - the ring of Robustness (right hand) {AC+8, =R}
   (You found it on level 1 of the Shoals)

   [ring of protection]

   It affects your AC (+8).
 Q - an uncursed ring of protection from cold
Wands
 h - a wand of paralysis (33)
 i - a wand of acid (74) {@v1}
 o - a wand of polymorph (30)
 q - a wand of disintegration (67)
 K - a wand of iceblast (57) {@v2}
 N - a wand of enslavement (55)
 V - a wand of digging (1) {@v3}
Scrolls
 c - 3 scrolls of silence
 j - 11 scrolls of teleportation {@r3}
 l - 10 scrolls of identify {@r1}
 t - 3 scrolls of holy word
 y - 7 scrolls of vulnerability
 z - 3 scrolls of immolation {@r4}
 A - 6 scrolls of blinking
 C - 10 scrolls of fog
 E - 7 scrolls of fear
 G - 16 scrolls of remove curse {@r2}
 M - 8 scrolls of summoning
Potions
 d - 8 potions of might {@q3}
 e - 4 potions of cancellation
 g - 20 potions of curing {@q1}
 m - 3 potions of attraction
 n - 5 potions of resistance {@q5}
 p - 10 potions of heal wounds {@q2}
 s - 8 potions of magic
 v - 7 potions of ambrosia
 w - 5 potions of mutation
 R - 7 potions of haste {@q4}
 Z - 3 potions of berserk rage
Books
 X - a manual of Axes
Miscellaneous
 B - a tin of tremorstones (2/2)
 S - a phantom mirror
 U - a box of beasts


   Skills:
 * Level 23.3 Fighting
 - Level 20.0 Axes
 + Level 20.4 Armour
 - Level 12.0 Dodging
 * Level 23.5 Shields
 + Level 11.6 Spellcasting
 * Level 23.1 Invocations
 + Level 12.8 Evocations


You had 49 spell levels left.
You didn't know any spells.
Your spell library was empty.

Dungeon Overview and Level Annotations

Branches:
Dungeon (15/15)            Temple (0/1) D:7            Lair (6/6) D:9
 Shoals (4/4) Lair:3        Snake (4/4) Lair:3        Slime (5/5) Lair:5
    Orc (2/2) D:12            Elf (0/3) Orc:2        Vaults (5/5) D:14
  Crypt (3/3) Vaults:2       Tomb (3/3) Crypt:3      Depths (5/5) D:15
   Hell (visited)             Dis (7/7) Hell            Geh (7/7) Hell
    Coc (7/7) Hell            Tar (7/7) Hell            Zot (0/5) Depths:5

Altars:
Ashenzari
Cheibriados
Dithmenos
Elyvilon
Fedhas
Gozag
Hepliaklqana
Kikubaaqudgha
Nemelex Xobeh
Okawaru
Sif Muna
Trog
Uskayaw
Vehumet
Wu Jian
Xom
Yredelemnul
Zin
The Shining One
Beogh
Jiyva

Shops:
D:5 }   D:9 [   D:10 :?!}   Orc:2 ?[*}(   Vaults:2 }}:[*   Vaults:4 [

Portals:
Hell: Depths:3 Depths:5
Abyss: Depths:1 Depths:2 Depths:3
Pandemonium: Depths:3
Ziggurat: Depths:1
Trove: Depths:2 (give 19 potions of curing)

Annotations:
Lair:5 2 transporters, Kiguq's ghost, journeyman VSSu
Crypt:2 36 runed doors
Dis:7 Dispater


Innate Abilities, Weirdness & Mutations

You are resistant to torment.
Your stone body is resilient. (AC +20)
You are immune to poison.
Your large and strong wings let you fly indefinitely.
You resist negative energy. (rN+)
You are resistant to electric shocks. (rElec)
You can survive without breathing.
You are immune to petrification.
You are immune to miasma.
You have supernaturally acute eyesight. (SInv)
Your mind is acute. (Int +2)
Your magical capacity is low. (-10% MP)
Potions are less effective at restoring your health.


Message History

Your angel hits Dispater with a +2 whip of holy wrath.
Dispater convulses.
Your angel hits Dispater but does no damage. x2
Your angel hits Dispater with a +3 whip of holy wrath.
Dispater convulses.
The hell beast closely misses your angel.
The hell beast completely misses your angel.
Your angel hits Dispater with a +2 whip of holy wrath.
Dispater convulses.
Your angel hits Dispater but does no damage.
You slash Dispater!
Dispater convulses.
Dispater is heavily wounded.
Dispater gestures.
Your angel hits Dispater but does no damage.
Your angel hits Dispater with a +3 whip of holy wrath.
Dispater convulses.
The hell beast bites your angel but does no damage.
The hell beast tramples your angel!
Your angel holds its ground!
Your angel hits Dispater but does no damage. x2
You slash Dispater!
Dispater convulses!!
Dispater is severely wounded.
Your angel gestures.
Your angel is healed somewhat.
The hell beast bites your angel. The hell beast tramples your angel!
Your angel holds its ground!
Dispater gestures.
Your angel hits Dispater but does no damage. x2
You hit Dispater.
Dispater convulses.
Dispater is severely wounded.
You hit the Hell Sentinel.
The Hell Sentinel convulses.
Your angel hits Dispater but does no damage. x2
The hell beast misses your angel.
The hell beast tramples your angel but does no damage.
The Brimstone Fiend gestures at you.
The sphere of damnation explodes!
The damnation engulfs your angel!!
The damnation engulfs the Hell Sentinel.
The Hell Sentinel completely resists.
The damnation engulfs the Brimstone Fiend.
The Brimstone Fiend completely resists.
The damnation engulfs you!!!
The damnation engulfs the hell beast!!!
The damnation engulfs Dispater.
Dispater completely resists.
Your angel hits Dispater but does no damage. x2
Dispater gestures at your angel. The iron shot hits your angel!!!
You are too injured to fight recklessly!
You are too injured to fight recklessly!
You are too injured to fight recklessly!
You are too injured to fight recklessly!
The golden flame engulfs you but does no damage.
You resist.
The golden flame engulfs the Hell Sentinel!
The Hell Sentinel writhes in agony!
The Hell Sentinel is lightly wounded.
The golden flame engulfs Dispater!!!
Dispater writhes in agony!
Dispater is almost dead.
The golden flame engulfs your angel.
Your angel completely resists.
Your angel is severely wounded.
The golden flame engulfs your angel.
Your angel completely resists.
Your angel is almost dead.
The golden flame engulfs the Brimstone Fiend!!!
The Brimstone Fiend writhes in agony!
The Brimstone Fiend is heavily wounded.
The golden flame engulfs the hell beast!!!!
The hell beast writhes in agony!
You kill the hell beast!
Your angel gestures.
Your angel is healed somewhat.
The Hell Sentinel gestures at you. You block the iron shot.
Your angel hits Dispater but does no damage. x2
The Brimstone Fiend gestures at you.
The sphere of damnation explodes!
The damnation engulfs your angel!!!
Your angel dies!
The damnation engulfs the Hell Sentinel.
The Hell Sentinel completely resists.
The damnation engulfs the Brimstone Fiend.
The Brimstone Fiend completely resists.
The damnation engulfs you!!
* * * LOW HITPOINT WARNING * * *
The damnation engulfs Dispater.
Dispater completely resists.
Dispater completely misses your angel.
The golden flame engulfs you but does no damage.
The golden flame engulfs the Hell Sentinel!
The Hell Sentinel writhes in agony!
The Hell Sentinel is moderately wounded.
The golden flame engulfs Dispater!!!
Dispater writhes in agony!
Dispater is almost dead.
The golden flame engulfs your angel.
Your angel completely resists.
Your angel is severely wounded.
The golden flame engulfs the Brimstone Fiend!
The Brimstone Fiend writhes in agony!
The Brimstone Fiend is heavily wounded.
Your angel hits Dispater but does no damage. x2
The Hell Sentinel gestures at you. You block the iron shot.
The Brimstone Fiend gestures at you.
The sphere of damnation explodes!
The damnation engulfs you!!!
You die...

...
#.......... ..
###5......# .
#..........
####).........
#.....#######.
#.....#.....#
#..####.....#
#..#.A.......
#..#1@&......
#.5#.)###'###
#..#1.#
#..#).#
#..#..#
#..#.5#
#..#..#
#..'..#
####.......


You could see Dispater, a Hell Sentinel (summoned), a Brimstone Fiend
(summoned), an iron imp and a friendly angel (summoned).

Vanquished Creatures
  the Royal Jelly (Slime:5)
  Antaeus (Coc:7)
  Ereshkigal (Tar:7)
  the Serpent of Hell (Tar:7)
  An ancient lich (Tomb:3)
  7 royal mummies
  Sojobo (Tomb:3)
  Vashnia (Snake:4)
  Saint Roka (Snake:4)
  5 caustic shrikes
  4 golden dragons
  Jory (Tomb:1)
  4 bone dragons
  12 Tzitzimimeh
  A doom hound (Tar:7)
  5 Brimstone Fiends
  5 iron giants
  4 liches
  4 Hell Sentinels (Dis:7)
  3 tentacled monstrosities (Vaults:5)
  10 Ice Fiends
  3 titans
  12 acid blobs
  2 quicksilver dragons
  Frances (D:14)
  8 sphinxes
  16 ancient champions
  Donald (Orc:1)
  7 storm dragons
  11 shadow dragons
  4 azure jellies
  8 tengu reavers
  10 nagarajas
  16 fire giants
  5 revenants
  3 frost giants
  2 iron dragons
  A draconian scorcher (Depths:5)
  Aizul (Snake:1)
  10 vault wardens
  7 deep elf sorcerers
  6 cacodemons
  4 balrugs
  18 ghouls
  The ghost of Feqidgh the Severer, a journeyman DDFi of Makhleb (Shoals:1)
  17 ironheart preservers
  2 curse skulls (Crypt:3)
  A war gargoyle (Hell)
  A draconian annihilator (Depths:5)
  16 very ugly things
  22 stone giants
  3 elemental wellsprings (Coc:7)
  24 reapers
  10 bennus (Tomb:3)
  7 vampire knights
  A juggernaut skeleton (Depths:5)
  5 deep elf demonologists
  16 deep elf annihilators
  2 spark wasps (Depths:2)
  A black draconian (Depths:5)
  A red draconian (Depths:5)
  2 dire elephants (Lair:6)
  3 entropy weavers
  The ghost of Ujocieg the Earth Mage, a journeyman GrEE of Ashenzari (D:13)
  The ghost of Ujocieg the Earth Mage, a journeyman GrEE of Ashenzari (D:13)
  A yellow draconian (Depths:5)
  A white draconian (Depths:5)
  13 ettins
  8 merfolk javelineers
  An eidolon (Crypt:2)
  5 blizzard demons
  14 jiangshi
  A deep elf death mage (Vaults:4)
  22 mummy priests
  Josephine (Orc:2)
  Snorg (Orc:1)
  6 death oozes
  The ghost of Kosam the Unseen, a journeyman SpEn of Dithmenos (D:13)
  The ghost of Kosam the Unseen, a journeyman SpEn of Dithmenos (D:13)
  4 deep elf high priests
  9 fire dragons
  21 yaktaur captains
  7 merfolk impalers
  Erolcha (Orc:1)
  Fannar (Lair:1)
  2 quicksilver dragon zombies
  A quicksilver dragon skeleton (Tar:4)
  A ragged hierophant (Vaults:4)
  15 ogre magi
  3 hydras
  12 naga warriors
  8 boulder beetles
  7 rakshasas
  36 vault guards
  3 merfolk avatars
  8 great orbs of eyes
  12 anacondas
  A great orb of eyes (shapeshifter) (Depths:5)
  Erica (D:8)
  8 centaur warriors
  18 ice dragons
  5 spriggan air magi
  A death knight (D:14)
  5 merfolk aquamancers
  5 satyrs
  A two-headed ogre (shapeshifter) (Vaults:4)
  2 alligator snapping turtles
  2 hell beasts
  49 two-headed ogres
  The ghost of Kouhutie the Magician, a journeyman GrFE of Vehumet (D:13)
  7 deep troll shamans
  3 tengu warriors
  14 death yaks
  A dancing weapon (Vaults:5)
  26 death scarabs
  10 hell hogs
  10 deep troll earth magi
  11 spriggan berserkers
  9 vampire magi
  13 shock serpents
  10 soul eaters
  Urug (Orc:1)
  An iron golem (Dis:7)
  3 storm dragon zombies
  9 deep elf knights
  Sonja (D:10)
  16 naga sharpshooters
  15 sun demons
  Nergalle (Lair:1)
  A salamander mystic (Depths:4)
  A sixfirhy (Hell)
  48 skeletal warriors
  7 iron trolls
  4 shadow wraiths
  6 anaconda zombies
  11 hell knights
  13 sea snakes
  An unseen horror (shapeshifter) (Vaults:1)
  2 unseen horrors
  24 deep trolls
  8 flayed ghosts
  3 glowing orange brains
  5 bog bodies
  2 golden dragon zombies
  2 wolf spider zombies
  2 anaconda skeletons
  3 shadow dragon zombies
  2 iron dragon zombies
  7 orc knights
  24 harpies
  4 deep elf archers
  11 phantasmal warriors
  18 ironbrand convokers
  4 necromancers
  15 deep elf magi
  8 wizards
  10 shadow demons (Tar:7)
  2 harpies (shapeshifter)
  2 stone giant zombies
  3 naga ritualists
  A golden dragon skeleton (Coc:2)
  3 orc sorcerers
  5 mana vipers
  5 shining eyes
  2 mana vipers (shapeshifter)
  7 wolf spiders
  2 frost giant zombies
  12 fauns
  A shadow dragon skeleton (Geh:6)
  4 oklob plants (Lair:3)
  A moth of wrath (Shoals:1)
  A faun (shapeshifter) (Vaults:5)
  3 elephants (Lair:5)
  4 fire giant zombies
  12 salamanders
  61 ugly things
  12 cyclopes
  4 manticores
  Maurice (D:13)
  2 guardian serpents
  18 vault sentinels
  15 merfolk sirens
  A moth of wrath (shapeshifter) (Vaults:5)
  A frost giant skeleton (Coc:6)
  30 black mambas
  4 molten gargoyles
  Psyche (D:8)
  An iron dragon skeleton (Geh:7)
  An ice statue (Hell)
  4 gargoyles
  2 storm dragon simulacra (Coc:7)
  4 stone giant skeletons
  An eye of devastation (shapeshifter) (D:14)
  A guardian serpent (shapeshifter) (Vaults:3)
  18 rust devils
  8 smoke demons (Geh:7)
  A catoblepas zombie (Crypt:2)
  4 centaur skeletons
  A centaur zombie (D:14)
  A cane toad (shapeshifter) (Vaults:1)
  5 naga magi
  2 emperor scorpion zombies
  4 torpor snails
  6 spectral swamp worms (Tar:7)
  A water nymph (Shoals:4)
  14 cane toads
  17 hellions
  3 dire elephant skeletons
  10 komodo dragons
  An orange demon (Hell)
  A shock serpent skeleton (Coc:6)
  18 freezing wraiths
  2 rime drakes
  2 efreet (Geh:7)
  10 tormentors
  43 yaktaurs
  61 guardian mummies
  A demonic crawler (Hell)
  2 red devils (Geh:3)
  A redback zombie (Crypt:1)
  A wind drake (shapeshifter) (Depths:1)
  A death drake zombie (Crypt:1)
  A catoblepas skeleton (Geh:6)
  14 ice devils
  4 polar bears
  An iron troll skeleton (Crypt:1)
  A silent spectre (Tar:1)
  36 merfolk
  A jumping spider (shapeshifter) (Vaults:1)
  2 trolls (shapeshifter)
  10 trolls
  A grey draconian skeleton (Crypt:2)
  A slime creature (shapeshifter) (Vaults:5)
  6 hydra zombies
  4 hornets
  A hornet (shapeshifter) (Depths:1)
  5 hydra skeletons
  4 ettin zombies
  A polar bear (shapeshifter) (Depths:3)
  72 slime creatures
  2 saltlings (Vaults:4)
  28 blink frogs
  3 alligator zombies (Coc:7)
  5 wind drakes
  A shadow dragon simulacrum (Hell)
  A sphinx simulacrum (Vaults:2)
  A deep troll zombie (Hell)
  4 fire dragon zombies
  2 ice dragon zombies
  7 snapping turtles
  6 dream sheep (Shoals:4)
  A meliai zombie (D:15)
  2 fire dragon skeletons (Coc:7)
  48 flying skulls
  A guardian serpent skeleton (Crypt:3)
  21 wraiths
  3 shadows
  2 vampires
  6 redbacks
  3 spriggans
  A black mamba zombie (Geh:4)
  2 alligator skeletons (Hell)
  2 ettin skeletons
  2 ynoxinuls (Depths:3)
  5 ice dragon skeletons
  44 yaks
  11 ushabtiu
  6 wyverns
  A wyvern (shapeshifter) (D:13)
  2 hogs (shapeshifter)
  16 water elementals
  4 basilisks
  2 golden eyes (shapeshifter) (Vaults:3)
  9 fire elementals
  A neqoxec (Depths:3)
  17 vampire mosquitoes
  4 golden eyes (Slime:4)
  A yaktaur simulacrum (Vaults:1)
  Menkaure (D:5)
  An acid dragon (D:9)
  3 wargs
  64 nagas
  A swamp worm (shapeshifter) (Vaults:1)
  4 cane toad zombies
  A human zombie (Hell)
  3 hydra simulacra
  A soldier ant (D:5)
  20 hell hounds
  12 water moccasins
  A snapping turtle zombie (Coc:7)
  31 orc warriors
  A cane toad skeleton (Crypt:2)
  8 ice beasts
  An infernal demonspawn skeleton (Crypt:1)
  4 sky beasts
  2 black bears
  6 eyes of draining
  19 necrophages
  4 phantoms
  12 boggarts
  50 ogres
  8 wolves
  A snapping turtle skeleton (Hell)
  2 swamp dragon zombies
  17 centaurs
  A rime drake skeleton (Crypt:3)
  A yaktaur zombie (Hell)
  A palentonga zombie (Crypt:2)
  4 big kobolds
  26 bullfrogs
  2 elf skeletons
  2 earth elementals (Depths:2)
  A cane toad simulacrum (Coc:4)
  2 gnoll sergeants (D:12)
  10 scorpions
  A wyvern skeleton (D:14)
  A snapping turtle simulacrum (Hell)
  A troll zombie (Coc:7)
  A swamp dragon simulacrum (Hell)
  7 killer bees
  2 human simulacra (Vaults:1)
  3 howler monkeys
  10 wights
  5 electric eels
  A quasit (D:6)
  A bullfrog zombie (D:9)
  7 hounds
  15 orc priests
  3 bullfrog skeletons
  9 jellies
  12 orc wizards
  7 iron imps
  7 iguanas
  A basilisk skeleton (Crypt:3)
  4 hell rats (Hell)
  18 worker ants
  A killer bee zombie (Crypt:3)
  A big kobold zombie (Crypt:3)
  A naga zombie (Crypt:1)
  3 tengu zombies (Hell)
  A tengu skeleton (Dis:7)
  A naga skeleton (Coc:7)
  A hound skeleton (Crypt:3)
  A hound zombie (D:10)
  38 mummies
  A worker ant zombie (D:5)
  14 adders
  4 gnolls (D:12)
  A howler monkey skeleton (D:6)
  2 steam dragon skeletons (Crypt:1)
  5 shadow imps
  6 white imps
  An ooze (D:1)
  An iguana zombie (Crypt:2)
  An adder zombie (D:7)
  2 worms
  A barachi zombie (Crypt:2)
  4 dart slugs
  9 leopard geckos
  82 orcs
  4 bats
  A bat zombie (Crypt:1)
  3 giant cockroaches
  6 goblins
  9 hobgoblins
  3 jackals
  14 kobolds
  4 quokkas
  5 frilled lizards (D:1)
  A goblin skeleton (Crypt:2)
  A kobold skeleton (Tomb:3)
  2 leopard gecko skeletons
  2 orc zombies
  A quokka skeleton (D:4)
  9 rats
  A rat (shapeshifter) (Vaults:1)
  A butterfly (D:5)
  3 fire vortices (Geh:7)
2710 creatures vanquished.

Vanquished Creatures (collateral kills)
  Asmodeus (Geh:7)
  2 royal mummies (Tomb:3)
  Frederick (Vaults:2)
  Geryon (Hell)
  A Brimstone Fiend (Geh:7)
  An iron giant (Dis:7)
  4 ancient champions
  A tengu reaver (Tomb:3)
  A nagaraja (Snake:4)
  A cacodemon (Dis:7)
  An iron dragon (Dis:7)
  5 reapers
  2 bennus (Tomb:3)
  A war gargoyle (Vaults:5)
  A lorocyproca (Hell)
  A blizzard demon (Coc:7)
  A mummy priest (Tomb:3)
  A yaktaur captain (Vaults:5)
  An ice dragon (Vaults:5)
  A great orb of eyes (shapeshifter) (Vaults:5)
  A vault guard (Vaults:5)
  2 death scarabs (Tomb:3)
  4 soul eaters (Tar:7)
  3 naga sharpshooters (Snake:4)
  2 iron trolls (Dis:7)
  A sixfirhy (Hell)
  7 skeletal warriors
  A sea snake (shapeshifter) (Vaults:5)
  2 shadow demons (Tar:7)
  A phantasmal warrior (Tar:7)
  A wolf spider zombie (Dis:7)
  A necromancer (Hell)
  A stone giant zombie (Hell)
  2 shining eyes
  A frost giant zombie (Dis:7)
  A shadow dragon skeleton (Geh:7)
  A rust devil (Hell)
  A black mamba (Snake:4)
  A naga mage (Snake:4)
  A storm dragon simulacrum (Coc:7)
  A spectral swamp worm (Tar:7)
  5 guardian mummies (Tomb:3)
  A freezing wraith (Tar:7)
  2 tormentors
  2 ice devils
  A spriggan zombie (Hell)
  A hydra skeleton (Tar:7)
  2 slime creatures (Slime:2)
  An ice dragon zombie (Tar:7)
  An ettin zombie (Dis:7)
  5 flying skulls
  2 water elementals (Shoals:4)
  2 ushabtiu (Tomb:3)
  2 fire elementals (Hell)
  2 nagas (Snake:4)
  A human zombie (Tar:7)
  3 iron imps (Dis:7)
  3 hell rats (Hell)
  2 mummies (Tomb:3)
103 creatures vanquished.

Vanquished Creatures (others)
  A vault warden (Vaults:2)
  A quicksilver dragon skeleton (Coc:7)
  A hell hog (Geh:6)
  A water elemental (Shoals:4)
  2 wraiths
  A fire elemental (Geh:4)
  A naga (Snake:4)
  A hell hound (Dis:6)
  A necrophage (Geh:3)
  A wight (Geh:4)
  A lava snake zombie (Crypt:3)
  4 bushes
  33 fungi
  116 plants
  10 withered plants (Crypt:3)
175 creatures vanquished.

Grand Total: 2988 creatures vanquished

Notes
Turn   | Place    | Note
-------+----------+-------------------------------------------
     0 | D:1      | EnegeticOcto the Gargoyle Fighter began the quest for the
                  | Orb.
     0 | D:1      | Reached XP level 1. HP: 14/14 MP: 1/1
   148 | D:1      | Reached XP level 2. HP: 19/19 MP: 2/2
   361 | D:1      | Reached XP level 3. HP: 22/23 MP: 3/3
   859 | D:2      | Found a white marble altar of Elyvilon.
   918 | D:2      | Became a worshipper of Elyvilon the Healer
  1468 | D:2      | Reached * piety under Elyvilon
  1470 | D:2      | Found a broken altar of Ashenzari.
  1475 | D:2      | Reached XP level 4. HP: 29/29 MP: 4/4
  1868 | D:3      | Found a faded altar of an unknown god.
  2084 | D:3      | Found an iron altar of Okawaru.
  2235 | D:3      | Reached skill level 1 in Invocations
  2256 | D:3      | Reached ** piety under Elyvilon
  2328 | D:4      | Reached XP level 5. HP: 20/33 MP: 3/5
  2671 | D:4      | Found a sparkling altar of Nemelex Xobeh.
  2709 | D:4      | Reached XP level 6. HP: 28/38 MP: 5/7
  2944 | D:4      | Found a shadowy altar of Dithmenos.
  3227 | D:5      | Entered Level 5 of the Dungeon
  3405 | D:5      | Reached XP level 7. HP: 41/44 MP: 8/8
  3458 | D:5      | Found Xarir's Gadget Emporium.
  3459 | D:5      | Noticed Menkaure
  3466 | D:5      | Killed Menkaure
  3612 | D:5      | Bought a wand of paralysis (12) for 154 gold pieces
  3639 | D:5      | Elyvilon protects you from harm!
  3956 | D:5      | Found a hazy altar of Hepliaklqana.
  3968 | D:5      | Got a jacinth-encrusted chain mail
  3978 | D:5      | Identified the +2 chain mail "Pijyvatt" {Rampage rCorr
                  | Int-2 Dex+8} (You found it on level 5 of the Dungeon)
  4010 | D:5      | Reached skill level 5 in Fighting
  4010 | D:5      | Reached skill level 5 in Shields
  4080 | D:5      | Found a runed translucent door.
  4081 | D:5      | Noticed a soldier ant
  4175 | D:5      | Reached *** piety under Elyvilon
  4366 | D:5      | Found a runed translucent door.
  4380 | D:5      | Reached skill level 1 in Evocations
  4382 | D:5      | Killed a soldier ant
  4383 | D:5      | Reached skill level 5 in Axes
  4383 | D:5      | Reached skill level 5 in Armour
  4383 | D:5      | Reached XP level 8. HP: 34/49 MP: 6/10
  4783 | D:6      | Found an ornate altar of the Wu Jian Council.
  5172 | D:6      | Got a translucent hand axe
  5172 | D:6      | Identified the cursed +1 hand axe of Turmoil {drain, Will+}
                  | (You found it on level 6 of the Dungeon)
  5353 | D:7      | Found an ancient bone altar of Kikubaaqudgha.
  5354 | D:7      | Found a blossoming altar of Fedhas.
  5356 | D:7      | Found a hide-covered altar of Uskayaw.
  5361 | D:7      | Fell from the grace of Elyvilon
  5410 | D:7      | Reached XP level 9. HP: 55/55 MP: 12/12
  5504 | D:7      | Found an opulent altar of Gozag.
  5651 | D:7      | Found a glowing golden altar of the Shining One.
  5744 | D:7      | Found a staircase to the Ecumenical Temple.
  5953 | D:7      | Noticed a deep elf mage
  5967 | D:7      | Killed a deep elf mage
  6009 | D:7      | Found a radiant altar of Vehumet.
  6224 | D:8      | Noticed Psyche
  6233 | D:8      | Killed Psyche
  6234 | D:8      | Reached skill level 5 in Invocations
  6387 | D:8      | Found a shimmering altar of Xom.
  6631 | D:8      | Noticed Erica
  6651 | D:8      | Killed Erica
  6652 | D:8      | Reached XP level 10. HP: 61/61 MP: 12/14
  6911 | D:9      | Found a snail-covered altar of Cheibriados.
  7172 | D:9      | Noticed a two-headed ogre
  7192 | D:9      | Killed a two-headed ogre
  7604 | D:9      | Found a staircase to the Lair.
  7937 | D:9      | Found Lourauck's Antique Armour Boutique.
  7948 | D:9      | Bought a glowing cloak for 247 gold pieces
  8057 | D:10     | Entered Level 10 of the Dungeon
  8057 | D:10     | Found Viohal's Magic Scroll Emporium.
  8057 | D:10     | Found Muifrene's Distillery.
  8059 | D:10     | Bought a scroll of remove curse for 48 gold pieces
  8141 | D:7      | Became a worshipper of the Shining One
  8141 | D:7      | Reached * piety under the Shining One
  8323 | D:10     | Found Ponifoz's Gadget Boutique.
  8401 | D:10     | Reached XP level 11. HP: 68/68 MP: 16/16
  8919 | D:10     | Found Toraq's Book Shop.
  8950 | D:10     | Reached ** piety under the Shining One
  8952 | D:10     | Noticed a two-headed ogre
  8964 | D:10     | Killed a two-headed ogre
  9286 | D:10     | Noticed Sonja
  9294 | D:10     | Killed Sonja
  9430 | D:11     | Reached skill level 1 in Dodging
 10050 | D:12     | Noticed a deep elf mage
 10050 | D:12     | Noticed a two-headed ogre
 10050 | D:12     | Noticed a white ugly thing
 10065 | D:11     | Killed a two-headed ogre
 10253 | Lair:1   | Entered Level 1 of the Lair of Beasts
 10322 | Lair:1   | Noticed Nergalle
 10325 | Lair:1   | Noticed a four-headed hydra
 10363 | Lair:1   | Killed a two-headed hydra
 10384 | Lair:1   | Killed Nergalle
 10385 | Lair:1   | Reached XP level 12. HP: 61/75 MP: 14/17
 10559 | Lair:1   | Reached skill level 10 in Axes
 10635 | Lair:1   | Reached *** piety under the Shining One
 10655 | Lair:1   | Noticed Fannar
 10671 | Lair:1   | Killed Fannar
 11163 | Lair:1   | Found the +2 ratskin cloak {*Rats rPois rN+ Str-1 Int-1
                  | Dex+1}
 11765 | Lair:2   | Found a shimmering blue altar of Sif Muna.
 12486 | Lair:3   | Reached skill level 5 in Dodging
 12735 | Lair:3   | Found a staircase to the Shoals.
 12770 | Lair:3   | Reached XP level 13. HP: 46/81 MP: 13/19
 13729 | Lair:3   | Reached skill level 10 in Fighting
 14019 | Lair:3   | Reached skill level 10 in Armour
 14438 | Lair:3   | Found the +27 Lear's hauberk
 14477 | Lair:3   | Found a staircase to the Snake Pit.
 16331 | Lair:5   | Noticed Kiguq's ghost (journeyman VSSu)
 16332 | Lair:5   | Identified the +4 spear "Ugi Moxa" {antimagic, *Corrode
                  | +Blink rF+ Will+}
 16338 | Lair:5   | Found a transporter.
 16379 | Lair:5   | Found a bloodstained altar of Trog.
 16663 | Lair:5   | Reached skill level 10 in Invocations
 16874 | Lair:5   | Found a transporter.
 17218 | Lair:5   | Found a viscous altar of Jiyva.
 17220 | Lair:5   | Found a staircase to the Slime Pits.
 17388 | Lair:6   | Entered Level 6 of the Lair of Beasts
 17403 | Lair:6   | Gained mutation: Your large and strong wings let you fly
                  | indefinitely. [Gargoyle growth]
 17403 | Lair:6   | Reached XP level 14. HP: 74/88 MP: 15/21
 17823 | Lair:6   | Reached **** piety under the Shining One
 18971 | Lair:6   | Noticed a dire elephant
 18971 | Lair:6   | Noticed a dire elephant
 19010 | Lair:6   | Killed a dire elephant
 19012 | Lair:6   | Killed a dire elephant
 19892 | D:12     | Found a staircase to the Orcish Mines.
 20140 | Orc:1    | Entered Level 1 of the Orcish Mines
 20257 | Orc:1    | Noticed Urug
 20259 | Orc:1    | Found a runed translucent door.
 20272 | Orc:1    | Killed Urug
 20283 | Orc:1    | Reached ***** piety under the Shining One
 20305 | Orc:1    | Reached XP level 15. HP: 77/96 MP: 19/23
 20453 | Orc:1    | Noticed Snorg
 20456 | Orc:1    | Noticed Erolcha
 20467 | Orc:1    | Killed Snorg
 20468 | Orc:1    | Paralysed by Erolcha for 2 turns
 20479 | Orc:1    | Killed Erolcha
 20831 | Orc:1    | Found a roughly hewn altar of Beogh.
 20877 | Orc:2    | Entered Level 2 of the Orcish Mines
 20877 | Orc:2    | Found a staircase to the Elven Halls.
 20877 | Orc:2    | Noticed Donald
 20881 | Orc:2    | Found Bamun's Magic Scroll Shoppe.
 20905 | Orc:1    | Killed Donald
 21119 | Orc:2    | Noticed Josephine
 21134 | Orc:2    | Killed Josephine
 21196 | Orc:2    | Found Qeamicrot's Gadget Shoppe.
 21219 | Orc:2    | Paralysed by an ogre mage for 2 turns
 21253 | Orc:2    | Found Xelox's Armour Boutique.
 21258 | Orc:2    | Found Vuemmic's Antique Weapon Emporium.
 21259 | Orc:2    | Found Ycvymil's General Store.
 21276 | Orc:2    | Found a shimmering altar of Xom.
 21915 | D:10     | Bought 2 scrolls of acquirement for 1664 gold pieces
 21915 | D:10     | Acquired 860 gold pieces
 21916 | D:10     | Acquired a +3 vorpal broad axe
 22089 | D:13     | Found a runed translucent gate.
 22089 | D:13     | Found a runed translucent gate.
 22089 | D:13     | Noticed Kosam's ghost (journeyman SpEn)
 22089 | D:13     | Noticed Kouhutie's ghost (journeyman GrFE)
 22089 | D:13     | Noticed Ujocieg's ghost (journeyman GrEE)
 22090 | D:13     | Found a runed translucent gate.
 22090 | D:13     | Noticed Ujocieg's ghost (journeyman GrEE)
 22090 | D:13     | Noticed Kosam's ghost (journeyman SpEn)
 22306 | D:13     | Found a basalt altar of Yredelemnul.
 22709 | D:13     | Noticed Maurice
 22717 | D:13     | Killed Maurice
 22950 | D:14     | Noticed Frances
 22971 | D:14     | Killed Frances
 22990 | D:14     | Found a gate to the Vaults.
 23007 | D:14     | Reached XP level 16. HP: 103/103 MP: 25/25
 23303 | D:14     | Reached ****** piety under the Shining One
 23634 | D:14     | Found a transporter.
 23634 | D:14     | Found a transporter.
 23728 | D:14     | Reached skill level 15 in Axes
 23910 | D:14     | Identified the +2 pair of gloves of Hubris {rC+} (You found
                  | it on level 14 of the Dungeon)
 23962 | D:13     | Killed Kosam's ghost
 23963 | D:13     | Killed Kouhutie's ghost
 23963 | D:13     | Killed Kosam's ghost
 23968 | D:13     | Killed Ujocieg's ghost
 23977 | D:13     | Killed Ujocieg's ghost
 24123 | D:15     | Entered Level 15 of the Dungeon
 24394 | D:15     | Found a staircase to the Depths.
 25159 | D:10     | Bought a potion of heal wounds for 65 gold pieces
 25159 | D:10     | Bought a potion of might for 52 gold pieces
 25159 | D:10     | Bought a potion of haste for 130 gold pieces
 25269 | Snake:1  | Entered Level 1 of the Snake Pit
 25574 | Snake:1  | Noticed Aizul
 25597 | Snake:1  | Killed Aizul
 26392 | Snake:1  | Noticed a nagaraja
 26407 | Snake:1  | Killed a nagaraja
 26874 | Snake:2  | Reached skill level 10 in Shields
 26915 | Snake:2  | Reached XP level 17. HP: 99/110 MP: 23/26
 28207 | Snake:3  | Reached skill level 5 in Evocations
 29030 | Snake:4  | Entered Level 4 of the Snake Pit
 29061 | Snake:4  | Noticed Saint Roka
 29546 | Snake:4  | Killed Saint Roka
 29771 | Snake:4  | Noticed Vashnia
 29810 | Snake:4  | Killed Vashnia
 29943 | Snake:4  | Reached XP level 18. HP: 90/117 MP: 7/28
 30732 | Snake:4  | Got a serpentine rune of Zot
 30938 | Shoals:1 | Entered Level 1 of the Shoals
 31502 | Shoals:1 | Found a transporter.
 31502 | Shoals:1 | Identified the +6 trident "Xori" {antimagic, *Noise +Blink
                  | Int+5 Stlth+}
 31502 | Shoals:1 | Noticed Feqidgh's ghost (journeyman DDFi)
 31503 | Shoals:1 | Found the ring of Robustness {AC+8}
 31560 | Shoals:1 | Found a bloodstained altar of Trog.
 31577 | Shoals:1 | Found a transporter.
 31579 | Shoals:1 | Identified the +7 trident "Wyommato" {antimagic, Will+
                  | Str-3 Int+5}
 31605 | Shoals:1 | Killed Feqidgh's ghost
 33037 | Shoals:3 | Reached XP level 19. HP: 60/123 MP: 9/29
 33643 | Shoals:3 | Reached skill level 15 in Fighting
 33933 | Shoals:4 | Entered Level 4 of the Shoals
 33943 | Shoals:4 | Found a glowing silver altar of Zin.
 34017 | Shoals:4 | Reached skill level 15 in Armour
 34244 | Shoals:4 | Identified the +5 tower shield of the Bull {Harm *Corrode
                  | rN+ Stlth+}
 34557 | Shoals:4 | Identified the cursed +0 tower shield of the Shoals
                  | {+Blink} (You found it on level 4 of the Shoals)
 34855 | Shoals:4 | Identified the +5 quarterstaff "Impbane" {antimagic, Int+2}
 35193 | Shoals:4 | Got a barnacled rune of Zot
 35475 | Shoals:4 | Got a clouded silver amulet
 35585 | Shoals:4 | Identified the amulet "Gutupp" {Reflect rPois SH+5 Stlth+}
                  | (You found it on level 4 of the Shoals)
 35819 | Vaults:1 | Entered Level 1 of the Vaults
 35882 | Vaults:1 | You fall into a shaft and drop 1 floor!
 35997 | Vaults:2 | Found Dimyll's Armour Shop.
 36100 | Vaults:2 | Reached skill level 15 in Invocations
 36325 | Vaults:2 | Found Icus's General Store.
 36448 | Vaults:2 | Reached XP level 20. HP: 89/130 MP: 21/31
 36465 | Vaults:2 | Found a staircase to the Crypt.
 36668 | Vaults:2 | Identified a +9 broad axe of holy wrath (a +7 vorpal broad
                  | axe blessed by the Shining One)
 36668 | Vaults:2 | Received a gift from the Shining One
 36677 | Crypt:1  | Entered Level 1 of the Crypt
 36803 | Crypt:1  | Reached skill level 15 in Shields
 37253 | Crypt:1  | Identified the +0 cloak of Dishonesty {+Inv Str+4} (You
                  | found it on level 1 of the Crypt)
 37708 | Crypt:2  | Found a huge runed gate.
 37708 | Crypt:2  | Found a huge runed gate.
 37712 | Crypt:2  | Found a huge runed gate.
 37739 | Crypt:2  | Found a huge runed gate.
 37739 | Crypt:2  | Found a huge runed gate.
 37739 | Crypt:2  | Found a huge runed gate.
 37739 | Crypt:2  | Found a huge runed gate.
 37739 | Crypt:2  | Found a huge runed gate.
 37747 | Crypt:2  | Found a huge runed gate.
 37749 | Crypt:2  | Found a huge runed gate.
 37749 | Crypt:2  | Found a huge runed gate.
 37749 | Crypt:2  | Found a huge runed gate.
 37749 | Crypt:2  | Found a huge runed gate.
 37749 | Crypt:2  | Found a huge runed gate.
 37749 | Crypt:2  | Found a huge runed gate.
 37749 | Crypt:2  | Found a huge runed gate.
 37750 | Crypt:2  | Found a huge runed gate.
 37751 | Crypt:2  | Found a huge runed gate.
 37759 | Crypt:2  | Found a huge runed gate.
 37759 | Crypt:2  | Found a huge runed gate.
 37759 | Crypt:2  | Found a huge runed gate.
 37759 | Crypt:2  | Found a huge runed gate.
 37759 | Crypt:2  | Found a huge runed gate.
 37759 | Crypt:2  | Found a huge runed gate.
 37759 | Crypt:2  | Found a huge runed gate.
 37760 | Crypt:2  | Found a huge runed gate.
 37761 | Crypt:2  | Found a huge runed gate.
 37787 | Crypt:2  | Found a huge runed gate.
 37787 | Crypt:2  | Found a huge runed gate.
 37787 | Crypt:2  | Found a huge runed gate.
 37790 | Crypt:2  | Found a huge runed gate.
 37800 | Crypt:2  | Found a huge runed gate.
 37801 | Crypt:2  | Found a huge runed gate.
 37801 | Crypt:2  | Found a huge runed gate.
 37802 | Crypt:2  | Found a huge runed gate.
 37802 | Crypt:2  | Found a huge runed gate.
 37977 | Crypt:2  | Acquired a manual of Axes
 38142 | Crypt:3  | Entered Level 3 of the Crypt
 38298 | Crypt:3  | Found a staircase to the Tomb.
 38395 | Crypt:3  | Reached XP level 21. HP: 136/136 MP: 32/32
 38640 | Crypt:3  | Gained mutation: You are clumsy. (Dex -2) [a neqoxec]
 38820 | Crypt:3  | Found a basalt altar of Yredelemnul.
 38854 | Crypt:3  | Noticed a royal mummy
 38873 | Crypt:3  | Killed a royal mummy
 39050 | Crypt:3  | Identified the +6 plate armour of Creativity {rPois Str+4}
                  | (You found it on level 3 of the Crypt)
 41397 | Vaults:2 | Reached XP level 22. HP: 114/144 MP: 27/34
 41646 | Vaults:2 | Found Onoi's Gadget Shop.
 41722 | Vaults:2 | Noticed Frederick
 42155 | Vaults:2 | Killed Frederick
 42160 | Vaults:2 | Found Fetoogg's Gadget Shoppe.
 42163 | Vaults:2 | Found Ydaf's Book Emporium.
 42445 | Vaults:3 | Reached skill level 1 in Spellcasting
 42725 | Vaults:3 | Found a magical portal.
 43299 | Vaults:3 | Found a glowing silver altar of Zin.
 43401 | Vaults:4 | Found a ruined gateway.
 43433 | Vaults:4 | Found Ownal's Antique Armour Emporium.
 43720 | Vaults:4 | Bought a shiny helmet for 202 gold pieces
 44041 | Vaults:4 | Found a glowing golden altar of the Shining One.
 44961 | Vaults:5 | Entered Level 5 of the Vaults
 44995 | Vaults:4 | Reached XP level 23. HP: 137/150 MP: 35/35
 45298 | Vaults:5 | Noticed a golden dragon
 45325 | Vaults:5 | Killed a golden dragon
 45339 | Vaults:5 | Identified the ring "Adommyrch" {*Contam rC+ rN+ Str+2
                  | Dex+2}
 45792 | Vaults:5 | Paralysed by a floating eye for 4 turns
 46215 | Vaults:5 | Identified the +7 battleaxe "Ogrebane" {freeze, rC+ rN++
                  | Int+3}
 46224 | Vaults:5 | Reached XP level 24. HP: 135/159 MP: 33/36
 46278 | Vaults:5 | Reached skill level 5 in Spellcasting
 46298 | Vaults:5 | Identified the +4 scimitar "Zetaz" {vorpal, Int+2}
 46311 | Vaults:5 | Identified the +4 war axe "Sefig" {distort, +Blink Int+3}
 46316 | Vaults:5 | Identified the +5 dire flail of Puagannaprua {vorpal, rF-
                  | rC++}
 46316 | Vaults:5 | Identified the amulet of Xinlibacko {RegenMP Will+ Int+3
                  | Stlth+}
 46323 | Vaults:5 | Identified the cursed +1 mace "Giantslayer" {pain, Fragile
                  | Dex+4 Stlth+}
 46807 | Vaults:5 | Identified Icsuuddu's Grimoire of Intoxication and Ignition
 47326 | Vaults:5 | Got a silver rune of Zot
 47550 | Vaults:5 | Identified the Tome of Summoning and Dark Secrets
 48130 | Slime:1  | Entered Level 1 of the Pits of Slime
 48180 | Slime:2  | Gained mutation: You are dopey. (Int -2) [a shining eye]
 48185 | Slime:2  | Gained mutation: Your magical capacity is low. (-10% MP) [a
                  | shining eye]
 48551 | Slime:5  | Entered Level 5 of the Pits of Slime
 48720 | Slime:5  | Noticed the Royal Jelly
 48721 | Slime:5  | Found a viscous altar of Jiyva.
 48725 | Slime:5  | Found the amulet of the Air {Inacc +Fly rElec EV+5 RMsl}
 48734 | Slime:5  | Killed the Royal Jelly
 48734 | Slime:5  | Gained mutation: Your spells are a little easier to cast,
                  | but a little less powerful. [a shining eye]
 49151 | Slime:5  | Gained mutation: You are very dopey. (Int -4) [a shining
                  | eye]
 49155 | Slime:5  | Gained mutation: You are frail. (-10% HP) [a shining eye]
 49167 | Slime:5  | Gained mutation: Scrolls take you a little longer to read.
                  | [a shining eye]
 49174 | Slime:5  | Got a fine ivory ring
 49177 | Slime:5  | Identified the ring of the Firefly {Ice Int+5 SInv} (You
                  | found it on level 5 of the Pits of Slime)
 49179 | Slime:5  | Got a scorched turquoise ring
 49182 | Slime:5  | Identified the ring "Avacad" {Wiz +Inv rPois Will++ Str-5}
                  | (You found it on level 5 of the Pits of Slime)
 49184 | Slime:5  | Got a brightly glowing diamond amulet
 49187 | Slime:5  | Identified the amulet "Worphiuny" {Acrobat Dex+3} (You
                  | found it on level 5 of the Pits of Slime)
 49254 | Slime:5  | Got a slimy rune of Zot
 49615 | Depths:1 | Entered Level 1 of the Depths
 49616 | Depths:1 | Lost mutation: Your spells are a little easier to cast, but
                  | a little less powerful. [potion of mutation]
 49616 | Depths:1 | Lost mutation: You are very dopey. (Int -4) [potion of
                  | mutation]
 49616 | Depths:1 | Lost mutation: Scrolls take you a little longer to read.
                  | [potion of mutation]
 49616 | Depths:1 | Lost mutation: You are dopey. (Int -2) [potion of mutation]
 49616 | Depths:1 | Gained mutation: You are very clumsy. (Dex -4) [potion of
                  | mutation]
 49616 | Depths:1 | Lost mutation: You are very clumsy. (Dex -4) [potion of
                  | mutation]
 49617 | Depths:1 | Lost mutation: You are clumsy. (Dex -2) [potion of
                  | mutation]
 49617 | Depths:1 | Lost mutation: Your magical capacity is low. (-10% MP)
                  | [potion of mutation]
 49617 | Depths:1 | Lost mutation: You are frail. (-10% HP) [potion of
                  | mutation]
 49617 | Depths:1 | Gained mutation: Your magical capacity is low. (-10% MP)
                  | [potion of mutation]
 49617 | Depths:1 | Gained mutation: Your mind is acute. (Int +2) [potion of
                  | mutation]
 49617 | Depths:1 | Gained mutation: You expend magic power (3 MP) to
                  | strengthen your wands. [potion of mutation]
 49648 | Depths:1 | Found a one-way gate to the infinite horrors of the Abyss.
 49973 | Depths:1 | Found a gateway to a ziggurat.
 50069 | Depths:1 | Identified the ring "Noutaew" {rN+ Will- Str+5 Dex+6}
 50203 | Depths:1 | Reached XP level 25. HP: 166/166 MP: 32/32
 50628 | Depths:2 | Found a portal to a secret trove of treasure.
 51628 | Depths:3 | Found a gateway to Hell.
 52150 | Depths:3 | Found a one-way gate leading to the halls of Pandemonium.
 52245 | Depths:3 | Reached XP level 26. HP: 118/173 MP: 33/33
 52810 | Depths:5 | Entered Level 5 of the Depths
 53319 | Depths:5 | Reached skill level 10 in Evocations
 54188 | Depths:5 | Found a gate to the Realm of Zot.
 54880 | Tomb:1   | Entered Level 1 of the Tomb of the Ancients
 55166 | D:10     | Bought 2 potions of resistance for 260 gold pieces
 55166 | D:10     | Bought a potion of curing for 39 gold pieces
 55285 | Orc:2    | Bought a potion of curing for 45 gold pieces
 55285 | Orc:2    | Bought 2 potions of magic for 240 gold pieces
 55402 | D:10     | Bought a scroll of teleportation for 48 gold pieces
 55402 | D:10     | Bought a scroll of teleportation for 48 gold pieces
 55683 | Tomb:1   | Noticed Jory
 55697 | Tomb:1   | Killed Jory
 56114 | Tomb:1   | Noticed a royal mummy
 56120 | Tomb:1   | Reached skill level 10 in Dodging
 56129 | Tomb:1   | Killed a royal mummy
 56324 | Tomb:1   | Identified the +7 halberd "Cufya" {spect, rF- Will+ Int+7}
 56325 | Tomb:1   | Identified the +7 halberd "Cufya" {spect, rF- Will+ Int+7}
 56531 | Tomb:1   | Identified the ring of the Albatross {+Fly Will+++ MP-9
                  | Dex+4} (You found it on level 1 of the Tomb of the
                  | Ancients)
 56697 | Tomb:2   | Noticed a royal mummy
 56698 | Tomb:2   | Found the macabre finger necklace {rN+}
 56703 | Tomb:2   | Killed a royal mummy
 56704 | Tomb:2   | Reached XP level 27. HP: 180/180 MP: 33/33
 56856 | Tomb:3   | Entered Level 3 of the Tomb of the Ancients
 56867 | Tomb:3   | Noticed Sojobo
 56867 | Tomb:3   | Noticed a royal mummy
 56867 | Tomb:3   | Noticed a royal mummy
 56874 | Tomb:3   | Killed a royal mummy
 56880 | Tomb:3   | Killed a royal mummy
 56884 | Tomb:3   | Noticed a royal mummy
 56888 | Tomb:3   | Noticed a royal mummy
 56899 | Tomb:3   | Killed a royal mummy
 56901 | Tomb:3   | Killed a royal mummy
 56930 | Tomb:3   | Got a golden rune of Zot
 56935 | Tomb:3   | Noticed a royal mummy
 56940 | Tomb:3   | Killed a royal mummy
 56967 | Tomb:3   | Noticed an ancient lich
 56971 | Tomb:3   | Killed an ancient lich
 56997 | Tomb:3   | Killed Sojobo
 57033 | Tomb:3   | Noticed a royal mummy
 57041 | Tomb:3   | Killed a royal mummy
 57075 | Tomb:3   | Noticed a royal mummy
 57549 | Hell     | Entered the Vestibule of Hell
 57549 | Hell     | Noticed Geryon
 57658 | Hell     | Killed Geryon
 57770 | Hell     | Found a gateway to the decaying netherworld of Tartarus.
 57783 | Tar:1    | Entered Level 1 of Tartarus
 57940 | Tar:7    | Entered Level 7 of Tartarus
 58095 | Tar:7    | Noticed the Serpent of Hell
 58104 | Tar:7    | Killed the Serpent of Hell
 58113 | Tar:7    | Noticed Ereshkigal
 58115 | Tar:7    | Reached skill level 10 in Spellcasting
 58123 | Tar:7    | Killed Ereshkigal
 58138 | Tar:7    | Got a bone rune of Zot
 58144 | Tar:7    | Identified the ring of Caolub {rCorr Str+4} (You found it
                  | on level 7 of Tartarus)
 58146 | Tar:7    | Identified the amulet of Qiast {Inacc +Fly Will- Int+5
                  | SInv} (You found it on level 7 of Tartarus)
 58428 | Hell     | Found a gateway to the ashen valley of Gehenna.
 58449 | Geh:1    | Entered Level 1 of Gehenna
 58535 | Geh:4    | You are sucked into a shaft and drop 2 floors!
 58626 | Geh:7    | Entered Level 7 of Gehenna
 58974 | Geh:7    | Identified the +7 sceptre of Asmodeus
 58974 | Geh:7    | Noticed Asmodeus
 59000 | Geh:7    | Killed Asmodeus
 59037 | Geh:7    | Got an obsidian rune of Zot
 59234 | Hell     | Found a gateway to the freezing wastes of Cocytus.
 59255 | Coc:1    | Entered Level 1 of Cocytus
 59308 | Coc:2    | You are sucked into a shaft and drop 2 floors!
 59469 | Coc:7    | Entered Level 7 of Cocytus
 59624 | Coc:7    | Noticed Antaeus
 59651 | Coc:7    | Killed Antaeus
 59670 | Coc:7    | Got an icy rune of Zot
 59911 | Hell     | Found a gateway to the Iron City of Dis.
 59935 | Dis:1    | Entered Level 1 of the Iron City of Dis
 60452 | Dis:7    | Entered Level 7 of the Iron City of Dis
 60762 | Dis:7    | Gained mutation: You tend to lose your temper in combat. [a
                  | cacodemon]
 60878 | Dis:7    | Lost mutation: You tend to lose your temper in combat.
                  | [potion of mutation]
 60878 | Dis:7    | Lost mutation: You expend magic power (3 MP) to strengthen
                  | your wands. [potion of mutation]
 60878 | Dis:7    | Lost mutation: Your magical capacity is low. (-10% MP)
                  | [potion of mutation]
 60878 | Dis:7    | Gained mutation: Potions are less effective at restoring
                  | your health. [potion of mutation]
 60878 | Dis:7    | Gained mutation: Your magical capacity is low. (-10% MP)
                  | [potion of mutation]
 60878 | Dis:7    | Gained mutation: You have supernaturally acute eyesight.
                  | (SInv) [potion of mutation]
 60967 | Dis:7    | Identified the +4 staff of Dispater
 60967 | Dis:7    | Noticed Dispater
 60990 | Dis:7    | Killed from afar by a Brimstone Fiend

Illustrated notes

Levels and vault maps discovered:
D:1:      lightli_molten_gateway, layout_basic, minivault_23, minmay_unequal
D:2:      layout_basic, ashenzari_conservatory_becter,
          overflow_temple_1_default, chequers_serial_rivers_micro_b
D:3:      layout_basic, okawaru_gym_becter,
          chequers_ecumenical_altar_simple_redux
D:4:      layout_cave_pools, nicolae_overflow_hidden_temple, lemuel_doored_altar
D:5:      lemuel_insect_pit, layout_loops_ring, lemuel_crystal_altar,
          serial_shops, nicolae_shop_crystal, uniq_menkaure
D:6:      layout_rooms, kennysheep_mini_moat
D:7:      layout_loops_corners, grunt_temple_overflow_growth_and_decay,
          kennysheep_little_box, vehumet_crystals, lemuel_crystal_altar,
          tso_metal_star, minmay_temple_entry_tees, kennysheep_another_room,
          guppyfry_early_elven_hall
D:8:      layout_loops_ring, tgw_xom, grunt_ministairs_15, uniq_erica,
          uniq_psyche
D:9:      layout_roguey, grunt_lair_entry_orc_guard_hut, serial_shops,
          nicolae_shop_trees, cheibriados_altar_1
D:10:     layout_long_grid, serial_shops, shop, shop, shop, shop,
          kennysheep_kite_vault, uniq_sonja
D:11:     layout_long_grid
D:12:     layout_rooms, kennysheep_orc_monster_closet_entryway
D:13:     layout_roguey [special_room_orc], gammafunk_ghost_cemetery,
          nrook_loot_triangle, yredelemnul_altar_generic, uniq_maurice
D:14:     gammafunk_the_bubble [the_bubble_gammafunk_split], layout_basic,
          erik_vaults_2, columned_hall_lemuel, uniq_frances
D:15:     grunt_enter_depths_hoard, layout_basic, nicolae_wwwww
Lair:1:   layout_cave_pods, uniq_nergalle, uniq_fannar
Lair:2:   layout_gridlike, basic_altar
Lair:3:   layout_hall_layers, elwin_shoals_entry_stream,
          minmay_snake_entry_guardpost_medium, minmay_lair_oklob_chamber
Lair:4:   layout_regular_city, chequers_serial_rivers_micro_e,
          eino_small_chamber_without_monster, wad_woods_river_01
Lair:5:   layout_small_grid, slime_altar_1, gammafunk_ghost_wrathful_warriors,
          chequers_serial_rivers_micro_a, minmay_hedge_maze, beast_lair_carwin_5
Lair:6:   due_jungle_book, layout_regular_city
Shoals:1: layout_shoals, gammafunk_ghost_wrathful_warriors
Shoals:2: layout_shoals, nicolae_shoals_wave_tunnel
Shoals:3: layout_shoals
Shoals:4: shoals_end_simple, layout_shoals, lemuel_centaur_altar
Snake:1:  layout_grid_maze, uniq_aizul
Snake:2:  layout_chambers, grunt_megastairs_2
Snake:3:  layout_rooms
Snake:4:  minmay_snake_end_coiled, layout_onion_interference, uniq_vashnia,
          uniq_saint_roka
Slime:1:  layout_caves, special_room [special_room_jelly],
          cheibrodos_slime_lost_civilization_5
Slime:2:  layout_caves
Slime:3:  layout_caves, nicolae_slime_welcoming_committee
Slime:4:  layout_caves
Slime:5
Orc:1:    layout_diamond_mine, lightli_church_of_beogh, uniq_urug, uniq_snorg,
          uniq_erolcha
Orc:2:    st_orc_open, layout_caves, serial_shops, shop, basic_altar,
          uniq_josephine, uniq_donald
Vaults:1: ontoclasm_vaults_claustrophobia, v_pattern_2,
          nicolae_vaults_disjoint_gnomons, v_misc_12, vaults_room_door_ring,
          st_check, vaults_mumra_hex, vaults_mumra_chevron_long,
          ontoclasm_vaults_chip, nicolae_vaults_alarming,
          layout_vaults_omnicross
Vaults:2: nicolae_vaults_windows_and_doors_thing, vaults_room_glass_cross,
          nicolae_vaults_diagonal_hallway_8, nicolae_vaults_three_branches,
          nicolae_vaults_network_quincunx
          [nicolae_vaults_network_quincunx_subvault,
          nicolae_vaults_network_quincunx_subvault,
          nicolae_vaults_network_quincunx_subvault,
          nicolae_vaults_network_quincunx_subvault,
          nicolae_vaults_network_quincunx_subvault],
          hangedman_vaults_restitches, v_misc_1, vaults_room_ringed_pool,
          v_misc_17, minmay_crypt_entry_simple_plaza, layout_vaults_maze_bifur,
          serial_shops, shop, nicolae_shop_temple_entry_statues_fountains, shop,
          shop, shop, uniq_frederick
Vaults:3: nicolae_vaults_disjoint_gnomons, v_misc_5,
          nicolae_vaults_quartermaster, nicolae_vaults_puzzle_piece,
          v_pattern_4, ontoclasm_vaults_ring_square,
          hangedman_vaults_variations, vaults_room_fours, v_alt_pattern_3,
          vaults_room_hallway, layout_vaults_omnibox, basic_altar,
          mu_enter_wizlab_5
Vaults:4: vaults_room_corners, vaults_room_boxed, v_misc_27,
          ontoclasm_vaults_pinch, nicolae_vaults_little_squares_3,
          nicolae_vaults_branching_niches, nicolae_vaults_shelves_hall,
          layout_vaults_big_room, portal_desolation_entry_nicolae_nacl,
          serial_shops, nicolae_shop_trees, basic_altar
Vaults:5
Crypt:1:  layout_chaotic_city
Crypt:2:  layout_misc_corridors, minivault_11, grunt_ministairs_5,
          not_door_vault_due
Crypt:3:  church_of_pain_bobbens, layout_chaotic_city,
          tomb_entry_forgotten_bobbens
Tomb:1:   uniq_jory
Tomb:2:   uniq_boris
Tomb:3:   uniq_sojobo
Depths:1: nooodl_glass_maze, layout_cave_pools, enter_ziggurat_b, abyss_entry,
          hell_entry, minivault_14, patterned_corridor
Depths:2: constructs_gauntlet_mu_hangedman, layout_twisted_cross,
          abyss_entry_crystal, nicolae_twisting_strands, hell_entry,
          enter_trove_0
Depths:3: minmay_the_grid_octo_tiled_squarecenter_mashed
          [minmay_the_grid_octo_chip, minmay_the_grid_octo_tetromino_candy,
          minmay_the_grid_octo_teeth, minmay_the_grid_octo_fan_narrow,
          minmay_the_grid_square_5x5_megaprize_hollow,
          minmay_the_grid_square_5x5_comb, minmay_the_grid_square_5x5_gyroscope,
          minmay_the_grid_square_5x5_tri_point,
          minmay_the_grid_square_5x5_half_checkered], layout_cave_pools,
          hell_entry, abyss_entry, rand_demon_pan_entry_5, roderic_lattice_a,
          hangedman_corner_corridor
Depths:4: vault_1, layout_cave_pools, pf_hell_entry_great_geh,
          chequers_serial_rivers_small_b, serial_shops, bzr_entry_water,
          abyss_entry, pan_entry, kennysheep_generic_room_11, uniq_margery
Depths:5: evilmike_zot_entry_round, layout_long_grid, roderic_serpentine_path,
          grunt_mini_vestibule
Hell
Dis:1:    layout_gridville, grunt_megastairs_3
Dis:2:    layout_gridville
Dis:3:    layout_chaotic_city, not_door_vault_due
Dis:4:    layout_subdivisions
Dis:5:    layout_regular_city
Dis:6:    layout_regular_city
Dis:7:    dis_st
Geh:1:    layout_gehenna_pools_basic
Geh:2:    layout_gehenna_pools_triple
Geh:3:    layout_gehenna_lava_caves
Geh:4:    layout_gehenna_pools_triple, minmay_fire_ice_demons
Geh:6:    layout_gehenna_pools_triple
Geh:7:    evilmike_geh
Coc:1:    layout_ice_bergs
Coc:2:    layout_cocytus_water_paths
Coc:4:    layout_ice_bergs
Coc:5:    layout_ice_bergs
Coc:6:    grunt_deathspiral_small, layout_cocytus_delve
Coc:7:    coc_old
Tar:1:    layout_cathedral_of_symmetry
Tar:2:    layout_cathedral_of_symmetry
Tar:3:    regret_index_dithmenos_brocken_genspenst, layout_cathedral_of_symmetry
Tar:4:    layout_grid_maze
Tar:5:    layout_grid_maze, grunt_megastairs_1
Tar:6:    layout_grid_maze, nicolae_tar_cuneiform_to_be,
          nicolae_tar_cuneiform_three
Tar:7:    tar_minmay_river

Skill      XL: |  1  2  3  4  5  6  7  8  9 10 11 12 13 14 15 16 17 18 19 20 21 22 23 24 25 26 27 |
---------------+----------------------------------------------------------------------------------+-----
Axes           | 2 3 4 5 7 8 9 10 12 13 14 15 16 17 18 19 20 | 20.0
Invocations    | 1 2 3 4 5 6 7 8 10 11 12 13 14 15 16 17 18 19 20 23 | 23.1
Fighting       | 4 5 6 7 8 9 10 11 12 13 14 15 16 17 18 19 20 23 | 23.3
Shields        | 4 5 7 8 9 10 11 13 14 16 17 18 19 20 21 23 | 23.5
Armour         | 4 5 6 7 8 9 10 11 12 13 14 15 16 17 18 20 | 20.4
Evocations     | 1 2 3 4 6 7 8 9 10 12 | 12.8
Dodging        | 3 5 6 7 8 9 10 12 | 12.0
Spellcasting   | 3 4 6 7 8 11 | 11.6

Action                   |  1- 3 |  4- 6 |  7- 9 | 10-12 | 13-15 | 16-18 | 19-21 | 22-24 | 25-27 || total
-------------------------+-------+-------+-------+-------+-------+-------+-------+-------+-------++-------
Melee: War axe           |   150 |   166 |   173 |   482 |   117 |       |       |       |       ||  1088
       Hand axe          |       |       |   167 |   217 |       |       |       |       |       ||   384
       Scimitar          |       |       |       |     3 |       |       |       |       |       ||     3
       Battleaxe         |       |       |       |    29 |       |       |       |       |       ||    29
       Broad axe         |       |       |       |       |  1087 |  1241 |  1328 |  1315 |  2396 ||  7367
Throw: Throwing net      |       |       |       |       |       |       |       |     2 |       ||     2
       Dart              |       |       |       |       |       |       |       |     1 |       ||     1
Invok: Lesser Healing    |       |       |     1 |       |       |       |       |       |       ||     1
       Renounce Religion |       |       |     1 |       |       |       |       |       |       ||     1
       Divine Shield     |       |       |       |     2 |     8 |     3 |     1 |     6 |     3 ||    23
       Cleansing Flame   |       |       |       |       |     3 |    11 |    13 |    15 |    79 ||   121
       Summon Divine War |       |       |       |       |       |     2 |     1 |     2 |    20 ||    25
       Brand Weapon With |       |       |       |       |       |       |     1 |       |       ||     1
 Abil: Fly               |       |       |       |       |     1 |       |     2 |       |     1 ||     4
       Stop Flying       |       |       |       |       |       |     1 |     2 |       |       ||     3
Evoke: Wand              |       |       |       |     9 |    13 |    13 |     9 |     1 |     2 ||    47
       Tin of tremorston |       |       |       |       |     2 |     2 |     2 |     2 |     1 ||     9
       Box of beasts     |       |       |       |       |       |       |       |     2 |       ||     2
       Phantom mirror    |       |       |       |       |       |       |       |     1 |       ||     1
  Use: Scroll            |       |     6 |    12 |    10 |     7 |     6 |    13 |    13 |    48 ||   115
       Potion            |       |       |       |       |       |     2 |     3 |    11 |    11 ||    27
Armor: Scale mail        |    87 |       |       |       |       |       |       |       |       ||    87
       Chain mail        |     1 |   116 |   199 |   375 |  1006 |    99 |       |       |       ||  1796
       Plate armour      |       |       |       |       |       |   832 |   860 |   333 |       ||  2025
       Gold dragon scale |       |       |       |       |       |       |       |   355 |  1447 ||  1802
Dodge: Dodged            |    45 |    48 |    67 |   176 |   471 |   403 |   277 |   202 |   551 ||  2240
Block: Kite shield       |    84 |    91 |   207 |   472 |  1113 |  1018 |   187 |       |       ||  3172
       Tower shield      |       |       |       |       |       |       |  1063 |  1147 |  2717 ||  4927

Table legend: (Time is in decaauts)
 A = Elapsed time spent in this place.
 B = Non-inter-level travel time spent in this place.
 C = Inter-level travel time spent in this place.
 D = Time resting spent in this place.
 E = Time spent auto-exploring this place.
 F = Levels seen in this place.
 G = Mean time per level.
                   A        B        C        D        E       F      G
               +--------+--------+--------+--------+--------+-----+--------+
         Total |  60515 |  54675 |   5840 |   3091 |  37310 |  79 |  766.0 |
       Dungeon |  15533 |  13427 |   2106 |    204 |  10273 |  15 | 1035.5 |
          Lair |   9661 |   8835 |    826 |    833 |   6468 |   6 | 1610.2 |
        Shoals |   5003 |   4741 |    262 |      0 |   3576 |   4 | 1250.8 |
     Snake Pit |   5598 |   5437 |    161 |    432 |   3940 |   4 | 1399.5 |
    Slime Pits |   1168 |   1086 |     82 |    668 |     18 |   5 |  233.6 |
  Orcish Mines |   1808 |   1613 |    195 |      0 |   1222 |   2 |  904.0 |
        Vaults |   9369 |   8307 |   1062 |    487 |   5856 |   5 | 1873.8 |
         Crypt |   3086 |   2701 |    385 |    163 |   1842 |   3 | 1028.7 |
          Tomb |   1434 |   1241 |    193 |      0 |    742 |   3 |  478.0 |
        Depths |   4744 |   4363 |    381 |    276 |   2879 |   5 |  948.8 |
          Hell |    427 |    427 |      0 |      0 |     81 |   1 |  427.0 |
           Dis |    965 |    909 |     56 |      0 |    400 |   7 |  137.9 |
       Gehenna |    633 |    589 |     44 |     18 |      0 |   6 |  105.5 |
       Cocytus |    541 |    507 |     34 |      6 |      0 |   6 |   90.2 |
      Tartarus |    540 |    492 |     48 |      4 |     11 |   7 |   77.1 |
               +--------+--------+--------+--------+--------+-----+--------+

Top non-repeatable levels by time:
  Lair:3: 2695 daAuts
Vaults:4: 2290 daAuts
Vaults:2: 2165 daAuts
  Lair:6: 1916 daAuts
Vaults:5: 1896 daAuts
Vaults:1: 1876 daAuts
Shoals:4: 1734 daAuts
Depths:3: 1569 daAuts
 Crypt:3: 1522 daAuts
 Snake:1: 1509 daAuts
 Snake:2: 1455 daAuts
  Lair:4: 1440 daAuts
 Snake:4: 1334 daAuts
     D:9: 1326 daAuts
    D:10: 1325 daAuts
